 Dungeon Crawl Stone Soup version 0.22-a0-480-g991dd4b (webtiles) character file.

511 KristoblXynda the Magician (level 6, -6/32 HPs)
             Began as a Deep Elf Conjurer on June 15, 2018.
             Mangled by an ogre
             ... wielding a +0 giant club
              (30 damage)
             ... on level 4 of the Dungeon.
             The game lasted 00:09:39 (3315 turns).

KristoblXynda the Magician (Deep Elf Conjurer)      Turns: 3315, Time: 00:09:40

Health: -6/32      AC:  3    Str:  5    XL:     6   Next: 99%
Magic:  8/18       EV: 13    Int: 22    God:
Gold:   117        SH:  0    Dex: 15    Spells: 11/19 levels left

rFire    . . .     SeeInvis .   m - +3 dagger (speed)
rCold    . . .     Gourm    .   (no shield)
rNeg     . . .     Faith    .   a - +0 robe
rPois    .         Spirit   .   (no helmet)
rElec    .         Reflect  .   (no cloak)
rCorr    .         Harm     .   k - +0 pair of gloves
MR       .....                  (no boots)
Stlth    ++........             (no amulet)
HPRegen  0.10/turn              (no ring)
MPRegen  0.16/turn              (no ring)

@: no status effects
A: no striking features
a: no special abilities


You were on level 4 of the Dungeon.
You were not hungry.

You visited 1 branch of the dungeon, and saw 4 of its levels.

You collected 117 gold pieces.

Inventory:

Hand Weapons
 m - a +3 dagger of speed (weapon)
Armour
 a - a +0 robe (worn)
 k - a +0 pair of gloves (worn)
Jewellery
 n - a cursed ring of teleportation {unknown}
Scrolls
 b - a scroll of enchant weapon
 g - a scroll of fog {unknown}
 h - 2 scrolls of immolation {unknown}
 i - a scroll of amnesia
 j - a scroll of teleportation
Potions
 d - 2 potions of lignification
 e - a potion of haste {unknown}
 f - 3 potions of magic {unknown}
 p - 2 potions of curing {unknown}
 q - a potion of berserk rage {unknown}
 r - a potion of heal wounds {unknown}
 s - a potion of mutation {unknown}
Comestibles
 c - 5 rations
 l - 5 chunks of flesh


   Skills:
 - Level 2.4 Dodging
 - Level 2.4 Stealth
 + Level 7.4 Spellcasting
 + Level 7.2 Conjurations


You had 11 spell levels left.
You knew the following spells:

 Your Spells              Type           Power        Failure   Level  Hunger
a - Magic Dart            Conj           ####         1%          1    None
b - Dazzling Spray        Conj/Hex       ###...       5%          3    None
c - Iskenderun's Mystic   Conj           #####...     4%          4    ###....

Your spell library contained the following spells:

 Spells                   Type           Power        Failure   Level  Hunger
 Fulminant Prism          Conj/Hex       ###.......   19%         4    ###....
 Force Lance              Conj/Tloc      ###.....     19%         4    ###....
 Searing Ray              Conj           #####.       1%          2    None


Dungeon Overview and Level Annotations

Branches:
Dungeon (4/15)
 Temple: D:4-7

Altars:

Shops:
D:4 }

Annotations:
D:4 Mgcat's ghost, novice MiBe


Message History

The magic dart hits the ogre.
The ogre is moderately wounded.
Casting: Magic Dart (safe; 1% risk of failure)
Confirm with . or Enter, or press ? or * to list all spells.
Aiming: Magic Dart (safe; 1% risk of failure)
Press: ? - help, Shift-Dir - straight line, f/p - ogre
Aim: an ogre, wielding a giant club (moderately wounded)
The magic dart hits the ogre.
The ogre is heavily wounded.
The ogre hits you with a giant club!
Casting: Magic Dart (safe; 1% risk of failure)
Confirm with . or Enter, or press ? or * to list all spells.
Aiming: Magic Dart (safe; 1% risk of failure)
Press: ? - help, Shift-Dir - straight line, f/p - ogre
Aim: an ogre, wielding a giant club (heavily wounded)
The magic dart hits the ogre.
The ogre is severely wounded.
The ogre hits you with a giant club!!
Ouch! That really hurt!
You die...

***** *#.....##..........#,,,,
,,,,** **#...).....>.....#,,,,
***,,*** #..)##.........##,,,,
**,,,* *#<#.##.#......##*,,,,
***,****#..#.##)#.######,,,,,, *
***,,,,...##......# **,,,,,,
****,,,**####*####.>.# ***,,,,,,,
,**,,*,,** ##.....##*,,,*,,,,,
,,,,***,,*****#%@##......***,,,,,
*,,** **,......O..##...##***,,,,,
,,,** *,............))..,,,,,,,,
,*,,****,.........#.....##**,,,,,
,**,,,,*,...........##..# *,,,,,
,*****,**.........####..# *,,,,,
,,,* *,,,[........# #..###*,,,,,
,*,* **,,..<......# #..รท.#****,,
**,* *,*****,,**,* #....# *,,


You could see an ogre.

Vanquished Creatures
  The ghost of Tallim the Charmwright, an amateur MfSk (D:3)
  A howler monkey (D:4)
  An orc priest (D:4)
  A hound (D:4)
  An orc wizard (D:4)
  A bullfrog skeleton (D:4)
  Natasha (D:3)
  3 gnolls (D:3)
  8 adders
  2 worms (D:2)
  4 dart slugs
  3 leopard geckos
  13 orcs
  7 giant cockroaches
  6 goblins
  3 hobgoblins
  6 jackals (D:2)
  2 quokkas
  8 bats
  3 frilled lizards
  7 kobolds
  7 rats
89 creatures vanquished.

Notes
Turn   | Place    | Note
-------+----------+-------------------------------------------
     0 | D:1      | KristoblXynda the Deep Elf Conjurer began the quest for the Orb.
     0 | D:1      | Reached XP level 1. HP: 10/10 MP: 6/6
   174 | D:1      | Reached XP level 2. HP: 15/15 MP: 5/8
   877 | D:2      | Reached skill level 5 in Conjurations
   877 | D:2      | Reached XP level 3. HP: 19/19 MP: 5/10
   998 | D:2      | Learned a level 3 spell: Dazzling Spray
  1489 | D:2      | Reached XP level 4. HP: 22/24 MP: 0/12
  1686 | D:3      | Noticed Tallim's ghost (amateur MfSk)
  1703 | D:3      | Killed Tallim's ghost
  1703 | D:3      | Reached skill level 5 in Spellcasting
  1703 | D:3      | Reached XP level 5. HP: 18/28 MP: 0/15
  2268 | D:3      | Reached XP level 6. HP: 32/32 MP: 14/17
  2425 | D:3      | Learned a level 4 spell: Iskenderun's Mystic Blast
  2901 | D:3      | Noticed Natasha
  2906 | D:3      | Killed Natasha
  3143 | D:4      | Noticed Mgcat's ghost (novice MiBe)
  3148 | D:4      | Found Plog's Gadget Shoppe.
  3315 | D:4      | Mangled by an ogre

Vault maps used:
D:1:      elethiomel_arrival_shortcut
D:3:      uniq_natasha
D:4:      serial_shops, nicolae_shop_temple_entry_statues_fountains

Skill      XL: |  1  2  3  4  5  6 |
---------------+-------------------+-----
Spellcasting   | 4 5 6 7 |  7.4
Conjurations   | 5 6 7 |  7.2
Dodging        | |  2.4
Stealth        | |  2.4

Action                   |  1- 3 |  4- 6 || total
-------------------------+-------+-------++-------
Melee: Dagger            |    13 |    17 ||    30
 Cast: Magic Dart        |    87 |   149 ||   236
  Use: Scroll            |     2 |     6 ||     8
  Eat: Chunk             |     2 |     5 ||     7
Armor: Robe              |     3 |    11 ||    14
Dodge: Dodged            |     6 |    26 ||    32

Table legend:
 A = Spawn XP
 B = Non-spawn XP
 C = Spawn XP percentage of total XP
 D = Spawn monster count
 E = Non-spawn monster count
 F = Spawn count percentage of total count
 G = Total turns spent on level
                    A         B        C        D         E        F      G
               +---------+---------+-------+---------+---------+-------+---------
         Total |       0 |     730 |   0.0 |       0 |      89 |   0.0 |  3315
               +---------+---------+-------+---------+---------+-------+---------
           D:1 |       0 |      35 |   0.0 |       0 |      19 |   0.0 |   839
           D:2 |       0 |      87 |   0.0 |       0 |      25 |   0.0 |   847
           D:3 |       0 |     378 |   0.0 |       0 |      34 |   0.0 |  1348
           D:4 |       0 |     230 |   0.0 |       0 |      11 |   0.0 |   281
               +---------+---------+-------+---------+---------+-------+---------
